Cogmind - Beta 14 @@@ ROGUE MODE // 2025.03.10 @ 15:05:24 Player: Skergy Result: Destroyed by G-34 Mercenary with Small Laser Performance ------------- Evolutions (0) 0 Regions Visited (3) 600 Robots Destroyed (21) 105 Value Destroyed (394) 394 Prototype IDs (0) 0 Alien Tech Used (0) 0 Bonus (-58) -58 TOTAL SCORE: 1041 Bonus ------- Friendly Fire -58 Cogmind --------- Core Integrity 0/250 Matter 125/300 Energy 106/125 System Corruption 14% Temperature Cool (6) Movement Treading (240) Ox1 Location -10/Subcaves Parts ------- > --- POWER (1) -------- Light Ion Engine > --- PROPULSION (2) --- Light Treads Light Treads > --- UTILITY (2) ------ High-capacity Storage Unit Subdweller Optics (fused) > --- WEAPON (2) ------- Battle Rifle > --- INVENTORY (20) --- Subdweller Power Source Aluminum Leg Aluminum Leg Wheel Wheel Wheel Large Storage Unit High-capacity Matter Pod (200) Compact Matter Pod (97) Sensor Array Targeting Computer Decoy Drone Bay Datajack Mining Laser Flamer Hammer Peak State ------------ > --- POWER ------------ Ion Engine > --- PROPULSION ------- Light Treads Light Treads > --- UTILITY ---------- High-capacity Storage Unit Subdweller Optics > --- WEAPON ----------- Battle Rifle Grenade Launcher > --- INVENTORY -------- Light Ion Engine Subdweller Power Source Light Treads Light Treads Aluminum Leg Aluminum Leg Wheel Wheel Wheel Large Storage Unit High-capacity Matter Pod Compact Matter Pod Sensor Array Targeting Computer Decoy Drone Bay Datajack Mining Laser Flamer Hammer [Rating: 12] Favorites ----------- Power Ion Engine Engine Ion Engine Propulsion Light Treads Treads Light Treads Wheel Compact Wheel Utility High-capacity Storage Unit Device Sensor Array Storage High-capacity Storage Unit Weapon Grenade Launcher Energy Gun Small Laser Ballistic Gun Battle Rifle Launcher Grenade Launcher Impact Weapon Hammer Build | -11 -10 -10 -10 ------- Run | Yrd Mat Min Sub Slots Evolved . | . . . . Power . | . . . . Propulsion . | . . . . Utility . | . . . . Weapon . | . . . . Parts Attached 25 | 7 9 1 8 Power 4 | 2 1 . 1 Engine 4 | 2 1 . 1 Core . | . . . . Reactor . | . . . . Propulsion 6 | 2 2 . 2 Treads 4 | . 2 . 2 Leg . | . . . . Wheel 2 | 2 . . . Hover . | . . . . Flight . | . . . . Utility 7 | 1 4 1 1 Device 3 | . 1 1 1 Storage 4 | 1 3 . . Processor . | . . . . Hackware . | . . . . Protection . | . . . . Artifact . | . . . . Weapon 8 | 2 2 . 4 Energy Gun 3 | 2 1 . . Energy Cannon . | . . . . Ballistic Gun 1 | . . . 1 Ballistic Cannon . | . . . . Launcher 3 | . 1 . 2 Special Weapon . | . . . . Impact Weapon 1 | . . . 1 Slashing Weapon . | . . . . Piercing Weapon . | . . . . Special Melee Weapon . | . . . . Unidentified Prototypes . | . . . . Parts Lost 11 | . 6 . 5 Power 2 | . 1 . 1 Propulsion 4 | . 2 . 2 Utility 1 | . 1 . . Weapon 4 | . 2 . 2 Highest Loss Streak 4 | . 4 . 4 To Critical Strikes . | . . . . Average Slot Usage (%) 96 | . 87 100 99 Engine 13 | . 13 14 13 Treads 25 | . 16 28 27 Wheel 2 | . 11 . . Device 11 | . 3 14 14 Storage 14 | . 14 14 14 Energy Gun 12 | . 21 14 7 Ballistic Gun 3 | . . . 6 Launcher 11 | . 5 14 13 Peak Build Rating 12 | 6 8 10 12 Average Rating 9 | 4 6 9 11 On Entrance 5 | . 6 7 10 Naked Turns . | . . . . Heaviest Build 52 | 14 49 50 52 Greatest Support 40 | 32 40 40 40 Greatest Overweight (x) 1 | . 1 1 1 Average Overweight (x) . | . . 1 1 Largest Inventory Capacity 20 | 8 20 20 20 Average Capacity 18 | 7 16 20 20 Most Carried 20 | 6 13 18 20 Average Carried 16 | 3 10 17 19 Final Capacity 20 | 8 20 20 20 Final Carried 18 | 6 13 18 17 Class Distribution -------------------- 100% | Mutant Dominant Class ---------------- Mutant | -10/Materials Mutant | -10/Mines Mutant | -10/Subcaves Resources | -11 -10 -10 -10 ----------- Run | Yrd Mat Min Sub Matter Collected 827 | 220 235 191 181 Remotely . | . . . . Salvage Created 422 | . 302 . 120 Parts 40 | . 32 . 8 Haulers Intercepted 1 | . 1 . . Recyclers Shooed . | . . . . Parts Field Recycled . | . . . . Retrieved Matter . | . . . . Parts Self-Destructed 3 | . . . 3 Prevented . | . . . . Kills | -11 -10 -10 -10 ------- Run | Yrd Mat Min Sub Combat Hostiles Destroyed 13 | . 9 . 4 Guns 3 | . 2 . 1 AOE 10 | . 7 . 3 Classes Destroyed 7 | . 5 . 2 Builder 3 | . 3 . . Hauler 1 | . 1 . . Watcher 3 | . 3 . . Swarmer 6 | . 6 . . Grunt 4 | . 3 . 1 Subdweller 3 | . . . 3 Zionite 1 | . . . 1 Best Kill Streak 5 | . 5 . 2 Combat Bots Only 3 | . 3 . 2 Max Kills in Single Turn 3 | . 3 . 2 Gunslinging . | . . . . Exploded 3 | . 3 . 1 Melee . | . . . . Uniques/NPCs Destroyed . | . . . . Combat | -11 -10 -10 -10 -------- Run | Yrd Mat Min Sub Hostile Shots Fired 114 | . 47 . 67 Missed 34 | . 17 . 17 Damage Taken 1466 | . 687 . 779 Core 258 | . 115 . 143 Absorbed by Shields . | . . . . Core Remaining (%) 100 | 100 . . . Volleys Fired 45 | . 22 . 23 Largest 2 | . 2 . 2 Hottest 80 | . 80 . 70 Shots Fired 74 | . 40 2 32 Gun 60 | . 35 2 23 Cannon . | . . . . Launcher 14 | . 5 . 9 Special . | . . . . Kinetic 9 | . . . 9 Thermal 27 | . 11 2 14 Explosive 14 | . 5 . 9 Electromagnetic 24 | . 24 . . Robot Hit Streak 8 | . 4 3 8 Robot Miss Streak 5 | . 4 1 5 Penetration Max . | . . . . Secondary Targets . | . . . . Shots Hit Robots 43 | . 19 1 23 Core Hits 30 | . 19 . 11 Critical Kills . | . . . . Critical Parts Destroyed 1 | . . . 1 Critical Strikes 1 | . . . 1 Destroy 1 | . . . 1 Melee Attacks 4 | . . . 4 Impact 4 | . . . 4 Slashing . | . . . . Piercing . | . . . . Sneak Attacks . | . . . . Combat Hostiles . | . . . . Follow-up Attacks . | . . . . Damage Inflicted 1289 | . 664 . 625 Guns 443 | . 249 . 194 Cannons . | . . . . Explosions 842 | . 411 . 431 Melee . | . . . . Ramming 4 | . 4 . . Kinetic 111 | . . . 111 Thermal 235 | . 152 . 83 Explosive 758 | . 327 . 431 Electromagnetic 181 | . 181 . . Impact . | . . . . Slashing . | . . . . Piercing . | . . . . Highest Corruption 14 | . 14 14 14 Average Corruption 14 | . 14 14 14 Corruption Purged . | . . . . Corruption Blocked . | . . . . Effects 81 | . 13 21 47 Message Errors 22 | . 3 8 11 Matter Fused 20 | . 3 5 12 Heat Flow Errors 10 | . 5 1 4 Energy Discharges 9 | . 1 . 8 Parts Fused 1 | . . . 1 Data Loss (minor) 10 | . 1 5 4 Data Loss (major) 1 | . . . 1 Misfires 2 | . . 2 . Alerts 4 | . . . 4 Misdirections 2 | . . . 2 Overload Shots . | . . . . Overflow Damage 11 | . 11 . . Projectiles . | . . . . Explosions 11 | . 11 . . Melee . | . . . . Knockbacks . | . . . . Impact . | . . . . Kinetic . | . . . . Secondary . | . . . . Self-Inflicted Damage 25 | . 25 . . Shots 1 | . 1 . . Rammed 1 | . 1 . . Targets Rammed 1 | . 1 . . Kicked . | . . . . Crushed . | . . . . Highest Temperature 266 | . 241 266 130 Average Temperature 74 | . 67 136 70 Received Heat Transfer 348 | . 66 . 282 Siege Activations . | . . . . Robots Corrupted . | . . . . Combat Hostiles . | . . . . Parts Fried 1 | . 1 . . Impact Corruptions . | . . . . Robots Melted . | . . . . Combat Hostiles . | . . . . Parts Melted . | . . . . Heat Transferred 450 | . 250 . 200 Parts Sabotaged . | . . . . Parts Stolen . | . . . . Parts Stripped . | . . . . Power Chain Reactions 2 | . 2 . . Alert | -11 -10 -10 -10 ------- Run | Yrd Mat Min Sub Peak Influence 302 | . 302 39 . Initial 39 | . . 39 . Average 66 | . 111 30 . Maximum Alert Level 1 | . 1 . . Low Security (%) 90 | 100 78 100 . Level 1 9 | . 21 . . Level 2 . | . . . . Level 3 . | . . . . Level 4 . | . . . . Level 5 . | . . . . High Security . | . . . . Max Security . | . . . . Squads Dispatched 4 | . 4 . . Investigation 2 | . 2 . . Extermination . | . . . . Reinforcement 2 | . 2 . . Assault . | . . . . Garrison . | . . . . Intercept . | . . . . Searches Triggered . | . . . . Construction Impeded . | . . . . Haulers Reinforced . | . . . . Active Scanning Responses . | . . . . Cargo Convoy Interrupts . | . . . . Stealth | -11 -10 -10 -10 --------- Run | Yrd Mat Min Sub Distress Signals 1 | . 1 . . Communications Jammed . | . . . . Distress Signals . | . . . . Times Spotted 21 | . 14 . 7 Peak Tracking Total 3 | . 3 . 3 Tactical Retreats . | . . . . Traps | -11 -10 -10 -10 ------- Run | Yrd Mat Min Sub Traps Triggered 1 | . 1 . . Indirectly . | . . . . Trap Hack Attempts . | . . . . Triggered . | . . . . Disarmed . | . . . . Reprogrammed . | . . . . Reused . | . . . . Traps Extracted . | . . . . Installed . | . . . . Triggered . | . . . . Machines | -11 -10 -10 -10 ---------- Run | Yrd Mat Min Sub Machines Disabled . | . . . . Max in Single Turn . | . . . . Machines Repaired . | . . . . Machines Dismantled . | . . . . Machines Sabotaged . | . . . . Overloaded Fab Kills . | . . . . Hacking | -11 -10 -10 -10 --------- Run | Yrd Mat Min Sub Machines Accessed 5 | . 3 1 1 Terminals 2 | . 2 . . Fabricators . | . . . . Repair Stations . | . . . . Recycling Units 1 | . 1 . . Scanalyzers . | . . . . Garrison Access . | . . . . Total Hacks 16 | . 12 1 3 Successful 9 | . 5 1 3 Failed 7 | . 7 . . Catastrophic 1 | . 1 . . Database Lockouts . | . . . . Manual 9 | . 9 . . Terminals 8 | . 8 . . Fabricators . | . . . . Repair Stations . | . . . . Recycling Units 4 | . 4 . . Scanalyzers . | . . . . Garrison Access . | . . . . Terminal Hacks 4 | . . 1 3 Record 3 | . . . 3 Open Door 1 | . . 1 . Fabricator Hacks . | . . . . Repair Station Hacks . | . . . . Recycling Unit Hacks 2 | . 2 . . Report Inventory 1 | . 1 . . Retrieve Components 1 | . 1 . . Scanalyzer . | . . . . Garrison Access Hacks . | . . . . Unauthorized Hacks 3 | . 3 . . Terminals 2 | . 2 . . Botnet 2 | . 2 . . Fabricators . | . . . . Repair Stations . | . . . . Recycling Units 1 | . 1 . . Reject 1 | . 1 . . Scanalyzers . | . . . . Garrison Access . | . . . . Data Cores Recovered . | . . . . Used . | . . . . Hacking Detections 2 | . 2 . . Full Trace Events 1 | . 1 . . Feedback Events . | . . . . Feedback Blocked . | . . . . Robot Schematics Acquired . | . . . . Robots Built . | . . . . Authchips . | . . . . Time . | . . . . Total Robot Build Rating . | . . . . Part Schematics Acquired . | . . . . Parts Built . | . . . . Authchips . | . . . . Time . | . . . . Total Part Build Rating . | . . . . Parts Repaired . | . . . . Time . | . . . . Parts Recycled . | . . . . Recycled Matter . | . . . . Retrieved Matter . | . . . . Retrieved Components 2 | . 2 . . Parts Scanalyzed . | . . . . Part Schematics Acquired . | . . . . Parts Damaged . | . . . . Bothacking | -11 -10 -10 -10 ------------ Run | Yrd Mat Min Sub Used RIF Installer . | . . . . Robots Hacked . | . . . . Non-combat . | . . . . Combat . | . . . . Robot Hacks Applied . | . . . . Relay Couplers Released . | . . . . Fabnet Peak Effective % . | . . . . Robots Rewired . | . . . . Allies Hacked . | . . . . Hacks Repelled . | . . . . Allies | -11 -10 -10 -10 -------- Run | Yrd Mat Min Sub Total Allies . | . . . . Largest Group . | . . . . Highest-Rated Group . | . . . . Highest-Rated Ally . | . . . . Total Orders . | . . . . Ally Attacks . | . . . . Total Damage . | . . . . Kills . | . . . . Allies Corrupted . | . . . . Allies Melted . | . . . . Intel | -11 -10 -10 -10 ------- Run | Yrd Mat Min Sub Robot Analysis Total . | . . . . Derelict Logs Recovered 1 | . . 1 . Drone Launches . | . . . . Drone Recoveries . | . . . . Exploration | -11 -10 -10 -10 ------------- Run | Yrd Mat Min Sub Turns Passed 2047 | 48 462 504 1033 Spaces Moved 786 | 37 250 101 398 Core 7 | 7 . . . Treads 610 | . 111 101 398 Legs . | . . . . Wheels 169 | 30 139 . . Hover . | . . . . Flight . | . . . . Fastest Speed 50 | 50 100 240 240 Average Speed 203 | 90 146 240 240 Slowest Speed 240 | 100 240 240 240 Overloaded Moves . | . . . . Propulsion Burnouts . | . . . . Robots Hopped . | . . . . Cave-ins Triggered 1 | . 1 . . Exploration Rate (%) 27 | 3 43 25 37 Regions Visited 3 Branch Regions 2 Pre-discovered Areas . | . . . . Known Exits Taken . | . . . . Unknown Exits Taken 3 | 1 1 1 . Scrap Searched 1 | . . 1 . Spaces Dug 3 | . . . 3 Terrain Destroyed 76 | . 40 . 36 Melee 3 | . . . 3 Projectile . | . . . . AOE 73 | . 40 . 33 Terrain Rammed . | . . . . Walls Destroyed . | . . . . Machines Disabled . | . . . . Actions | -11 -10 -10 -10 --------- Run | Yrd Mat Min Sub Total 1153 | 48 304 364 437 Wait 266 | . 8 258 . Move 783 | 36 249 100 398 Hop . | . . . . Pick Up 24 | 5 12 5 2 Fast Attach 13 | 6 5 . 2 Attach 9 | . 4 1 4 Detach 2 | . 1 . 1 Swap 3 | 1 . . 2 Drop 3 | . 2 . 1 Fire 45 | . 22 . 23 Melee 4 | . . . 4 Ram . | . . . . Kick . | . . . . Crush 1 | . 1 . . Escape Stasis . | . . . . Rewire . | . . . . Trap . | . . . . Miscellaneous . | . . . . Route ------- -11/Scrapyard -10/Materials -10/Mines -10/Subcaves (discovered 1 exit: [*Mat]) History --------- Turn | Location | Event 30 | -11/Scrapyard | Discovered new exit (range 16) 49 | -11/Scrapyard | Entered Materials 138 | -10/Materials | Discovered new exit (range 11) 240 | -10/Materials | Crushed by falling debris 240 | -10/Materials | System corruption reached 10% 271 | -10/Materials | Lost 4 parts (2n1u1w) 302 | -10/Materials | Build established: Mutant 511 | -10/Materials | Entered Mines 576 | -10/Mines | Learned Materials emergency access door positions 626 | -10/Mines | Found the Drone Emporium 635 | -10/Mines | Found Prototype Device 1008 | -10/Mines | Discovered new exit (range 4) 1015 | -10/Mines | Entered Subcaves 1087 | -10/Subcaves | Core integrity fell below 50% 1828 | -10/Subcaves | Discovered new exit (range 5) 1833 | -10/Subcaves | Visited Clippyterm 1840 | -10/Subcaves | Learned Factory fabricator intel 1840 | -10/Subcaves | Learned Factory trap positions 2014 | -10/Subcaves | Core integrity fell below 20% 2046 | -10/Subcaves | Lost 4 parts (1p2n1w) 2048 | -10/Subcaves | Destroyed by G-34 Mercenary with Small Laser Last Messages --------------- 01869_ System corrupted: Heat flow error (+147). 01875_ Sub. Optics shoots sparks and powers down. 01887_ #VS8KCEM=IFPOH#ILNCC77KTJ 01913_ BPX:GTOC4 01934_ System corrupted: Energy discharge (-62). 01951_ System corrupted: Matter fused (-6). 01971_ System corrupted: Matter fused (-7). 01991_ System corrupted: Component data lost. 01999_ MO-6I1(R) destroyed. 02003_ Subatomizers dissect the Disposable Heat Sink. 02006_ Lgt. Treads destroyed. 02008_ The unstable cave ceiling collapses. 02010_ Grenade Launcher destroyed. 02011_ System corrupted: Matter fused (-8). 02013_ Ion Engine destroyed. 02015_ Lgt. Treads destroyed. 02016_ U0-AQK(R) suffers critical hit (Destroy). 02016_ Destroyed Sub. Machine Gun. 02038_ System corrupted: Energy discharge (-23). 02043_ Subatomizers dissect the Disposable Heat Sink. Map ----- +----------------------------------------------------+ | | | ?????????????????????????????????????????????????? | | ?????????????????????????????????????????????????? | | ?????????????????????????????????????????????????? | | ?????????????????????????????????????????????????? | | ?????????????????????????????????????????????????? | | ?????????????????????????????????????????????????? | | ?????????????????????????????????????????????????? | | ?????????????????????????????????????????????????? | | ???????????????????????????????????????????????### | | ???????????????????????????????????????????????#"" | | ???????????????????????????????????????????????#"" | | ???????????????????????????????????????????????#" | | ???????????????????????????????????????????????### | | ???????????????????????????????????????????????### | | ????????????##?????????#####???????????######### | | ?????????#### ##??###### ##????????### # ## | | ?????????? ### ##??###### < | | ???## ????? #?## ## | | ???# ???# ### # | | ????# #### ## ## # ##### | | ?????# ## #??## | | ???????# ## ## ### #?#### | | ?????????? # #### ##?## ##????? | | ?????????? #??####???########?????? | | ???????????# ! @#??????????????????????? | | ??????????## !%& #??????????????????????? | | ??????????# [ g #??????????????????????? | | ??????????# ## ##??????????????????????? | | ??????????# ## ##???????????????????????? | | ??????????# # #????????????????????????? | | ??????????### g ##???????????????????????? | | ???????????# ##??????????????????????? | | ???????????# #??????????????????????? | | ???????????## # ##?????????????????????? | | ???????????# # # #?????????????????????? | | ???????????## ?#### #??????????????######?? | | ????????????##?????# #??????????????#" ?? | | ???????????????????# #????#####?????# "?? | | ???????????????????# #### #?# ### ?? | | ???????????????????## #???? " ## | | ????????????????????## ###??# " &# | | ?????????????????????# ######????# #### | | ?????????????????????# #??????????# | | ?????????????????????## #?????????# ##### | | ??????????????????????# #????????????????## | | ?????????????????????# ### #????????????????# # | | ????????????????????# #?# #????????????????# # | | ????????????????????# #? #????????????????# # | | ???????????????????# ? ##???????????####?# # | +----------------------------------------------------+ Best States ------------- Heat Dissipation 25 Energy Generation 10 Energy Capacity 250 Matter Stores 300 Matter Capacity 500 Sight Range 21 Robot Scan Range 14 Terrain Scan Density 10 Evasion (%) 50 Recoil Reduction 2 Item Schematics ----------------- None Robot Schematics ------------------ None Fabricated ------------ Nothing Alien Tech Used ----------------- None Achievements -------------- None Challenges ------------ None Game ------ Seed TerrainTrackerDiverter Manual? 0 Play Time 00:27:50 Cumulative 61.9 hours Start 2025.03.10 @ 14:27:22 End 2025.03.10 @ 15:05:24 Sessions 6 Manual Loads 0 Difficulty Rogue Special Mode None Game No. 62 Rogue 62 Adventurer 0 Explorer 0 Win Type - Total 2 Types 2/0/0/0/0/0/0/0/0 Lore% 35 Gallery% 41 Achievement% 39 Wizard Run 0 Options --------- Layout 1 ASCII 0 Keyboard 1 Movement Numpad Keybinds 0 Fullscreen 1 Font 28/Terminus Map View 59x39 Zoom Use 23% Tactical HUD 1 Map Filters NONE Filters NONE Steam 1 RUN: 59f3e0e6-12a7-4bf5-a35c-c3fa521816f6